AoeStats
← gulu gulu

MegaRandom

508233605Analyzed
4v4 RM · 27d ago on Sep 21, 2026· 46m 0s· 8 players
Game mode
Random Map
Map size
Large (8 player)
Population
200
Speed
Normal
Resources
Standard
Victory
Conquest
Starting age
Dark Age
Ending age
Imperial Age
RankedLock teamsTeams togetherTeam positionsShared explorationLock speedFull tech treeHidden civsTurbo modeCheats
Victory
Defeat
🇻🇳 Bulgarians · Vietnam
981
+11
🇻🇳 Chinese · Vietnam
947
+12
🇪🇸 Spanish · Spain
908
+14
🇹🇼 Burgundians · Taiwan
884
+16
vs
🇨🇳 Franks · China
885
-14
🇨🇳 Mapuche · China
882
-14
🇨🇳 Bohemians · China
862
-13
🇨🇳 Britons · China
833
-12
Kaparso
9:47 Feudal Age
16:09 Castle Age
17:46 Horse Collar
18:30 Double-Bit Axe
19:37 Loom
21:51 Wheelbarrow
21:01 Town Watch
21:42 Bow Saw
24:10 Bloodlines
25:19 Husbandry
33:32 Imperial Age
33:18 Padded Archer Armor
33:11 Fletching
33:27 Scale Barding Armor
34:40 Conscription
33:41 Elite Conquistador
34:50 Leather Archer Armor
34:32 Bodkin Arrow
37:44 Heavy Plow
u9313317
0:27 Loom
11:42 Feudal Age
9:57 Horse Collar
10:07 Double-Bit Axe
16:35 Castle Age
15:30 Heavy Plow
15:43 Bow Saw
16:33 Forging
17:27 Scale Barding Armor
21:46 Wheelbarrow
24:36 Cavalier
32:11 Two-Man Saw
32:20 Husbandry
33:24 Hand Cart
32:54 Town Watch
33:55 Crop Rotation
34:08 Stone Mining
34:09 Gold Mining
37:19 Iron Casting
37:05 Chain Barding Armor
36:59 Town Patrol
45:36 Imperial Age
43:29 Burgundian Vineyards
43:21 Light Cavalry
46:28 Gold Shaft Mining
46:28 Stone Shaft Mining
zckaz123
10:31 Feudal Age
14:38 Castle Age
13:59 Double-Bit Axe
13:54 Horse Collar
16:10 Wheelbarrow
19:35 Bow Saw
20:01 Heavy Plow
24:07 Hand Cart
24:08 Stone Mining
24:11 Gold Mining
29:23 Imperial Age
29:04 Forging
28:59 Scale Barding Armor
30:04 Squires
29:51 Arson
30:45 Iron Casting
30:30 Chain Barding Armor
30:11 Scale Mail Armor
31:01 Gambesons
31:14 Stirrups
30:40 Elite Konnik
31:47 Bagains
32:41 Stone Shaft Mining
32:46 Gold Shaft Mining
32:47 Crop Rotation
34:18 Blast Furnace
33:54 Plate Barding Armor
33:35 Chain Mail Armor
36:20 Husbandry
36:31 Bloodlines
37:40 Plate Mail Armor
gulu gulu
0:34 Loom
10:22 Feudal Age
17:35 Castle Age
20:32 Double-Bit Axe
20:29 Horse Collar
21:46 Heavy Plow
21:58 Bow Saw
31:56 Imperial Age
30:06 Wheelbarrow
30:19 Gold Mining
30:22 Stone Mining
30:38 Fletching
30:49 Padded Archer Armor
31:10 Thumb Ring
33:01 Rocketry
33:02 Conscription
33:13 Hand Cart
35:25 Ballistics
36:05 Chemistry
35:19 Fortified Wall
35:05 Murder Holes
36:32 Two-Man Saw
36:13 Gold Shaft Mining
36:16 Stone Shaft Mining
36:13 Town Watch
36:00 Heavy Rocket Cart
37:19 Masonry
37:27 Elite Chu Ko Nu
38:59 Great Wall
45:33 Bodkin Arrow
45:53 Leather Archer Armor
我血你
11:59 Feudal Age
13:27 Double-Bit Axe
16:12 Castle Age
18:30 Wheelbarrow
18:42 Stone Mining
20:29 Scale Barding Armor
20:19 Gold Mining
21:45 Husbandry
27:04 Hand Cart
28:42 Chain Barding Armor
29:30 Forging
38:05 Imperial Age
36:54 Gold Shaft Mining
37:07 Ballistics
36:40 Fletching
37:25 Iron Casting
38:10 Cavalier
41:22 Paladin
44:04 Plate Barding Armor
45:40 Blast Furnace
卖报的小行家
10:26 Feudal Age
8:43 Loom
11:10 Double-Bit Axe
14:50 Horse Collar
19:06 Castle Age
19:05 Wheelbarrow
25:57 Bow Saw
26:00 Wagenburg Tactics
25:22 Pikeman
26:03 Squires
26:28 Heavy Plow
27:06 Squires
26:52 Arson
30:33 Treadmill Crane
31:59 Hand Cart
35:14 Imperial Age
38:01 Chemistry
37:24 Ballistics
37:00 Murder Holes
37:10 Siege Engineers
37:16 Masonry
38:06 Conscription
37:54 Halberdier
39:12 Houfnice
Loveytjs
8:30 Feudal Age
8:56 Horse Collar
9:03 Double-Bit Axe
14:12 Stone Mining
17:42 Castle Age
19:02 Gold Mining
19:02 Stone Mining
19:33 Bow Saw
19:25 Heavy Plow
21:48 Crossbowman
23:10 Fletching
26:15 Gold Shaft Mining
27:34 Bodkin Arrow
27:40 Padded Archer Armor
28:47 Wheelbarrow
33:54 Leather Archer Armor
37:49 Imperial Age
38:00 Yeomen
38:03 Leather Archer Armor
39:36 Two-Man Saw
39:05 Arbalester
40:54 Bracer
42:11 Elite Skirmisher
43:19 Pikeman
43:59 Squires
Pets_T饕
10:50 Feudal Age
11:29 Double-Bit Axe
15:20 Castle Age
13:55 Fletching
15:35 Wheelbarrow
16:29 Bodkin Arrow
18:23 Loom
22:20 Bow Saw
23:11 Gold Mining
23:28 Pikeman
24:55 Town Watch
24:54 Horse Collar
30:37 Forging
30:27 Scale Mail Armor
31:06 Malon
32:09 Ballistics
34:02 Heavy Plow
38:15 Imperial Age
35:45 Stone Mining
36:55 Iron Casting
36:35 Chain Mail Armor
37:18 Hand Cart
39:33 Stone Shaft Mining
41:04 Chemistry
42:20 Butalmapu
42:35 Conscription
41:48 Halberdier
Connection lost

Rejoining the realm…

Still unreachable

The connection could not be restored.

Session expired

The server has moved on; the page needs a fresh start.